 Dungeon Crawl Stone Soup version 0.31.0-11-ge490571c62 (webtiles) character file.

Game seed: 295522727736834648

28 shadowrider38 the Covered (level 2, 24/24 HPs)
             Began as a Minotaur Fighter on Jan 29, 2024.
             Was a Follower of Hepliaklqana.
             Quit the game on level 1 of the Dungeon on Jan 30, 2024.
             The game lasted 00:00:30 (699 turns).

shadowrider38 the Covered (Minotaur Fighter)         Turns: 699, Time: 00:00:31

Health: 24/24      AC:  7    Str: 20    XL:     2   Next: 96%
Magic:  1/1        EV:  9    Int:  5    God:    Hepliaklqana [*.....]
Gold:   35         SH:  4    Dex:  9    Spells: 1/1 levels left

rFire   . . .        a - +0 war axe
rCold   . . .        c - +0 buckler
rNeg    . . .        b - +0 scale mail
rPois   .            (helmet restricted)
rElec   .            (no cloak)
rCorr   .            (no gloves)
SInv    .            (no boots)
Will    .....        (no amulet) Stlth
                     (no ring)
HPRegen 0.24/turn    (no ring)
MPRegen 0.07/turn

%: no passive effects
@: no status effects
A: reduced essence, horns 2, retaliatory headbutt
a: Renounce Religion, Recall Ancestor, Ancestor Identity


You were on level 1 of the Dungeon.
You worshipped Hepliaklqana.
Hepliaklqana was aware of your devotion.
You visited 1 branch of the dungeon, and saw 1 of its levels.

You collected 35 gold pieces.

Inventory:

Hand Weapons
 a - a +0 war axe (weapon)
Armour
 b - a +0 scale mail (worn)
 c - a +0 buckler (worn)
Scrolls
 e - a scroll of fear {unknown}
 f - a scroll of enchant weapon {unknown}
 g - a scroll of brand weapon {unknown}
 i - 3 scrolls of teleportation {unknown}
 j - a scroll of blinking {unknown}
Potions
 d - a potion of might
 h - 2 potions of curing {unknown}


   Skills:
 + Level 3.9 Fighting
 * Level 3.3 Axes
 + Level 3.9 Armour
 + Level 3.9 Shields


You had one spell level left.
You didn't know any spells.
Your spell library contained the following spells:

 Spells                   Type           Power      Damage    Failure   Level
 Slow                     Hex            0%         N/A       88%         1
 Confusing Touch          Hex            0%         N/A       99%         3
 Sigil of Binding         Hex            0%         N/A       99%         3
 Vampiric Draining        Necr           0%         2d6       99%         3


Dungeon Overview and Level Annotations

Branches:
Dungeon (1/15) Zot: 5284

Altars:
Hepliaklqana


Innate Abilities, Weirdness & Mutations

Your life essence is reduced to manifest your ancestor. (-10% HP)
You have a pair of horns on your head.
You reflexively headbutt those who attack you in melee.


Message History

You kill the rat!
You see here a rat corpse.
A kobold comes into view. It is wielding a +0 club.
A kobold is nearby!
The kobold hits you with a +0 club.
A kobold is nearby!
You completely miss the kobold. You headbutt the kobold.
The kobold is severely wounded.
The kobold hits you with a +0 club. The kobold hits you but does no damage.
You barely miss the kobold.
The kobold is moderately wounded.
The kobold barely misses you. The kobold misses you.
The kobold attacks as it pursues you! The kobold closely misses you.
You hit the kobold.
The kobold is severely wounded.
The kobold completely misses you.
A kobold is nearby!
You hit the kobold.
You kill the kobold!
A kobold comes into view. It is wielding a +0 whip.
A kobold is nearby!
A kobold is nearby!
A kobold is nearby!
Found 5 stones.
The kobold hits you with a +0 whip.
You slash the kobold!
You kill the kobold!
No target in view!
You see here a +0 whip.
No target in view!
Key pressed, stopping explore.
No target in view!
Found a scale mail.
There is an open door here.
There is a faded altar of an unknown god here.
Done exploring.
Done exploring.
No target in view!
No target in view!
No target in view!
No target in view!
This altar belongs to (a) Hepliaklqana, (b) Yredelemnul or (c) Okawaru, but you can't tell which.
Press the corresponding letter to learn more about a god, or press enter to convert or escape to cancel.
Okay, then.
This altar belongs to (a) Hepliaklqana, (b) Yredelemnul or (c) Okawaru, but you can't tell which.
Press the corresponding letter to learn more about a god, or press enter to convert or escape to cancel.
Hepliaklqana accepts your prayer! Hepliaklqana welcomes you!
Hepliaklqana forms a fragment of your life essence into the memory of your ancestor, Baqqanum!
You can now recall your ancestor.
You can now remember your ancestor's identity.
Are you sure you want to abandon this character and quit the game? (Confirm with "yes".)

..........#
#....##.##
#.........#
###'####.#
#####..####
#....P#..#
#..#
#....P####
#..#
#.....#
#..#
#P....#
##.#
##R..## #.#
##.## #.#
#@# #.#
##.## #.##
##PPP##
#..#


#P.PPP# ##.## #..PPP# #..## #.PPPP# ##..# #PPPPP# ##.######'### #........# You
could see the friendly Baqqanum the ancestor.

Vanquished Creatures
  2 dart slugs (D:1)
  An endoplasm (D:1)
  2 giant cockroaches (D:1)
  A goblin (D:1)
  A hobgoblin (D:1)
  7 jackals (D:1)
  A quokka (D:1)
  2 kobolds (D:1)
  3 rats (D:1)
20 creatures vanquished.

Notes
Turn   | Place    | Note
-------+----------+-------------------------------------------
     0 | D:1      | shadowrider38 the Minotaur Fighter began the quest for the
                  | Orb.
     0 | D:1      | Reached XP level 1. HP: 19/19 MP: 0/0
    32 | D:1      | Found a faded altar of an unknown god.
   230 | D:1      | Reached XP level 2. HP: 27/27 MP: 1/1
   285 | D:1      | Reached skill level 3 in Axes
   698 | D:1      | Prayed at the altar of an unknown god.
   698 | D:1      | Became a worshipper of Hepliaklqana the Forgotten
   698 | D:1      | Reached * piety under Hepliaklqana
   699 | D:1      | Quit the game

Illustrated notes

Levels and vault maps discovered:
D:1:      minmay_arrival_diagonal_passages, layout_basic,
          shapermc_ecumenical_altar_flowoftime, kennysheep_crisscross,
          chequers_garden

Skill      XL: |  1  2 |
---------------+-------+-----
Axes           | 3 |  3.3
Fighting       | |  3.9
Armour         | |  3.9
Shields        | |  3.9

Action                     || total
---------------------------++-------
  Melee: War axe           ||    41
         Headbutt          ||     9
 Armour: Scale mail        ||    34
  Dodge: Dodged            ||    24
  Block: Buckler           ||     7
